SA
WALLA WALLA WALLEYE @ WASHINGTON GENERALS
09/01/2029
 
TOP OF THE 1ST
Walla Walla Walleye batting - Pitching for Washington Generals : RHP Jeff Rollins
Pitching: RHP Jeff Rollins
Batting: RHB Olubowale Akintimehin 0-0: Foul Ball, location: 2F
0-1: Swinging Strike
0-2: Ball
1-2: Foul Ball, location: 2F
1-2: Ball
2-2: Foul Ball, location: 2F
2-2: Strikes out swinging
Batting: RHB Héctor Espiga 0-0: Called Strike
0-1: Ball
1-1: Called Strike
1-2: Foul Ball, location: 2F
1-2: Fly out, F7 (Line Drive, 78D)
Batting: RHB Luis Delvalle 0-0: Foul Ball, location: 2F
0-1: Called Strike
0-2: Ball
1-2: Foul Ball, location: 2F
1-2: Strikes out swinging
Top of the 1st over - 0 runs, 0 hits, 0 errors, 0 left on base; Walla Walla 0 - Washington 0
BOTTOM OF THE 1ST
Washington Generals batting - Pitching for Walla Walla Walleye : LHP Rafael González
Pitching: LHP Rafael González
Batting: RHB Mike Lipide 0-0: Swinging Strike
0-1: Fly out, F8 (Flyball, 8LM)
Batting: RHB Stan Wheeler 0-0: Ball
1-0: Ground out 4-3 (Groundball, 4)
Batting: RHB Bill Perkins 0-0: Ball
1-0: SINGLE (Groundball, 6) (infield hit)
Batting: RHB Daryl Yandell 0-0: Ball
1-0: Ball
2-0: Called Strike
2-1: Swinging Strike
2-2: Ball
3-2: SINGLE (Flyball, 9LM)
Bill Perkins to second
Bill Perkins to third
Batting: RHB Jason Alston 0-0: Ball
1-0: Ball
2-0: Hit by Pitch
Daryl Yandell to second
Batting: RHB Jeremy Geertsen 0-0: Called Strike
0-1: Foul Ball, location: 2F
0-2: Ball
1-2: Ball
2-2: Ball
3-2: Base on Balls
Bill Perkins scores
Daryl Yandell to third
Jason Alston to second
Batting: RHB Alonso Vielma 0-0: Called Strike
0-1: Ball
1-1: Called Strike
1-2: Ball
2-2: Ball
3-2: Base on Balls
Daryl Yandell scores
Jason Alston to third
Jeremy Geertsen to second
Batting: RHB Júlio Rodríguez 0-0: Ball
1-0: Called Strike
1-1: Called Strike
1-2: Foul Ball, location: 2F
1-2: Ball
2-2: Fly out, F9 (Flyball, 9LMF)
Bottom of the 1st over - 2 runs, 2 hits, 0 errors, 3 left on base; Walla Walla 0 - Washington 2
TOP OF THE 2ND
Walla Walla Walleye batting - Pitching for Washington Generals : RHP Jeff Rollins
Batting: RHB Jimmy Fick 0-0: Called Strike
0-1: Foul Ball, location: 2F
0-2: DOUBLE (Line Drive, 7LM)
Batting: RHB Ramón Yniguez 0-0: Called Strike
0-1: Ball
1-1: Ball
2-1: Ball
3-1: Fly out, F7 (Flyball, 78M)
Batting: RHB José de la Cavallería 0-0: Ball
1-0: Foul Ball, location: 2F
1-1: Foul Ball, location: 2F
1-2: Strikes out swinging
Batting: RHB Corey Hines 0-0: Called Strike
0-1: Ball
1-1: Foul Ball, location: 2F
1-2: Strikes out swinging
Top of the 2nd over - 0 runs, 1 hit, 0 errors, 1 left on base; Walla Walla 0 - Washington 2
BOTTOM OF THE 2ND
Washington Generals batting - Pitching for Walla Walla Walleye : LHP Rafael González
Batting: RHB Dan Vanblarcom 0-0: Called Strike
0-1: Ball
1-1: Ball
2-1: SINGLE (Groundball, 34D)
Batting: RHB Mike Lipide 0-0: Grounds into double play, 5-4-3 (Groundball, 56)
Batting: RHB Stan Wheeler 0-0: Swinging Strike
0-1: Ball
1-1: Foul Ball, location: 2F
1-2: Foul Ball, location: 2F
1-2: Ground out 6-3 (Groundball, 6)
Bottom of the 2nd over - 0 runs, 1 hit, 0 errors, 0 left on base; Walla Walla 0 - Washington 2
TOP OF THE 3RD
Walla Walla Walleye batting - Pitching for Washington Generals : RHP Jeff Rollins
Batting: RHB Gustavo Ortíz 0-0: DOUBLE (Flyball, 8RD)
Batting: LHB Mo Eayrs 0-0: Ball
1-0: Called Strike
1-1: Swinging Strike
1-2: Foul Ball, location: 2F
1-2: Ball
2-2: Ball
3-2: Ground out 5-3 (Groundball, 5)
Batting: RHB Olubowale Akintimehin 0-0: Called Strike
0-1: Ball
1-1: Ball
2-1: Swinging Strike
2-2: SINGLE (Line Drive, 34D)
Gustavo Ortíz to third
Batting: RHB Héctor Espiga 0-0: Ball
Olubowale Akintimehin steals 2nd base
1-0: Called Strike
1-1: Ball
2-1: Called Strike
2-2: Foul Ball, location: 2F
2-2: Strikes out swinging
Batting: RHB Luis Delvalle 0-0: Ball
1-0: Ball
2-0: Called Strike
2-1: Swinging Strike
2-2: Foul Ball, location: 2F
2-2: Strikes out swinging
Top of the 3rd over - 0 runs, 2 hits, 0 errors, 2 left on base; Walla Walla 0 - Washington 2
BOTTOM OF THE 3RD
Washington Generals batting - Pitching for Walla Walla Walleye : LHP Rafael González
Batting: RHB Bill Perkins 0-0: Called Strike
0-1: Ball
1-1: Ball
2-1: Called Strike
2-2: Foul Ball, location: 2F
2-2: Fly out, F6 (Popup, 6M)
Batting: RHB Daryl Yandell 0-0: Called Strike
0-1: Swinging Strike
0-2: Ground out 5-3 (Groundball, 5)
Batting: RHB Jason Alston 0-0: Fly out, F5 (Line Drive, 56)
Bottom of the 3rd over - 0 runs, 0 hits, 0 errors, 0 left on base; Walla Walla 0 - Washington 2
TOP OF THE 4TH
Walla Walla Walleye batting - Pitching for Washington Generals : RHP Jeff Rollins
Batting: RHB Jimmy Fick 0-0: Ball
1-0: Called Strike
1-1: Ground out 6-3 (Groundball, 6)
Batting: RHB Ramón Yniguez 0-0: Ball
1-0: Ball
2-0: Ball
3-0: Base on Balls
Batting: RHB José de la Cavallería 0-0: Ball
1-0: Called Strike
1-1: Ball
2-1: Foul Ball, location: 2F
2-2: Foul Ball, location: 2F
2-2: Foul Ball, location: 2F
2-2: Strikes out swinging
Batting: RHB Corey Hines 0-0: Called Strike
0-1: Foul Ball, location: 2F
0-2: Ball
1-2: Strikes out swinging
Top of the 4th over - 0 runs, 0 hits, 0 errors, 1 left on base; Walla Walla 0 - Washington 2
BOTTOM OF THE 4TH
Washington Generals batting - Pitching for Walla Walla Walleye : LHP Rafael González
Batting: RHB Jeremy Geertsen 0-0: Foul Ball, location: 2F
0-1: Called Strike
0-2: Strikes out looking
Batting: RHB Alonso Vielma 0-0: Ball
1-0: Foul Ball, location: 2F
1-1: Foul Ball, location: 2F
1-2: Ground out 5-3 (Groundball, 5)
Batting: RHB Júlio Rodríguez 0-0: Foul Ball, location: 2F
0-1: Ball
1-1: Ball
2-1: Ball
3-1: Foul Ball, location: 2F
3-2: Fly out, F8 (Flyball, 8LXD)
Bottom of the 4th over - 0 runs, 0 hits, 0 errors, 0 left on base; Walla Walla 0 - Washington 2
TOP OF THE 5TH
Walla Walla Walleye batting - Pitching for Washington Generals : RHP Jeff Rollins
Batting: RHB Gustavo Ortíz 0-0: Reached on error, E6 (Groundball, 6)
Batting: LHB Mo Eayrs 0-0: Bunted foul
0-1: Sac Bunt - play at first, batter OUT! 5-4
Gustavo Ortíz to second
Batting: RHB Olubowale Akintimehin 0-0: Called Strike
0-1: Ball
1-1: Ball
2-1: Foul Ball, location: 2F
2-2: Strikes out swinging
Batting: RHB Héctor Espiga 0-0: Ground out 5-3 (Groundball, 56S)
Top of the 5th over - 0 runs, 0 hits, 1 error, 1 left on base; Walla Walla 0 - Washington 2
BOTTOM OF THE 5TH
Washington Generals batting - Pitching for Walla Walla Walleye : LHP Rafael González
Batting: RHB Dan Vanblarcom 0-0: SINGLE (Groundball, 56D)
Batting: RHB Mike Lipide 0-0: Sac Bunt - play at first, batter safe!
Dan Vanblarcom to second
Batting: RHB Stan Wheeler 0-0: Sac Bunt - play at first, batter OUT! 1-3
Dan Vanblarcom to third
Mike Lipide to second
Batting: RHB Bill Perkins 0-0: Foul Ball, location: 2F
0-1: Ball
1-1: Ball
2-1: Foul Ball, location: 2F
2-2: Ground out 1-3 (Groundball, P)
Batting: RHB Daryl Yandell 0-0: Ball
1-0: Ball
2-0: Ball
3-0: Base on Balls
Batting: RHB Jason Alston 0-0: Foul Ball, location: 2F
0-1: Foul Ball, location: 2F
0-2: Strikes out swinging
Bottom of the 5th over - 0 runs, 2 hits, 0 errors, 3 left on base; Walla Walla 0 - Washington 2
TOP OF THE 6TH
Walla Walla Walleye batting - Pitching for Washington Generals : RHP Jeff Rollins
Batting: RHB Luis Delvalle 0-0: Ball
1-0: Swinging Strike
1-1: Fly out, F7 (Flyball, 78M)
Batting: RHB Jimmy Fick 0-0: Ball
1-0: Ball
2-0: Called Strike
2-1: Ball
3-1: Swinging Strike
3-2: Base on Balls
Batting: RHB Ramón Yniguez 0-0: Foul Ball, location: 2F
0-1: Ball
1-1: Called Strike
1-2: Grounds into double play, 6-4-3 (Groundball, 6)
Top of the 6th over - 0 runs, 0 hits, 0 errors, 0 left on base; Walla Walla 0 - Washington 2
BOTTOM OF THE 6TH
Washington Generals batting - Pitching for Walla Walla Walleye : LHP Rafael González
Batting: RHB Jeremy Geertsen 0-0: Ball
1-0: Ball
2-0: Ball
3-0: Called Strike
3-1: Fly out, F8 (Flyball, 8LD)
Batting: RHB Alonso Vielma 0-0: Called Strike
0-1: Ball
1-1: Fly out, F9 (Flyball, 89S)
Batting: RHB Júlio Rodríguez 0-0: Ball
1-0: Ball
2-0: Ball
3-0: Called Strike
3-1: Base on Balls
Batting: RHB Dan Vanblarcom 0-0: Ball
1-0: Swinging Strike
1-1: Foul Ball, location: 2F
1-2: Fielders Choice at 2nd, 6-4 (Groundball, 6)
Bottom of the 6th over - 0 runs, 0 hits, 0 errors, 1 left on base; Walla Walla 0 - Washington 2
TOP OF THE 7TH
Walla Walla Walleye batting - Pitching for Washington Generals : RHP Jeff Rollins
Batting: RHB José de la Cavallería 0-0: Ball
1-0: Foul Ball, location: 2F
1-1: Foul Ball, location: 2F
1-2: Strikes out swinging
Batting: RHB Corey Hines 0-0: Called Strike
0-1: Ball
1-1: Foul Ball, location: 2F
1-2: Foul Ball, location: 2F
1-2: Strikes out swinging
Batting: RHB Gustavo Ortíz 0-0: SINGLE (Groundball, 6MD)
Batting: LHB Mo Eayrs 0-0: Foul Ball, location: 2F
0-1: SINGLE (Groundball, 15S) (infield hit)
Gustavo Ortíz to second
Batting: RHB Olubowale Akintimehin 0-0: Fly out, F9 (Flyball, 9LSF)
Top of the 7th over - 0 runs, 2 hits, 0 errors, 2 left on base; Walla Walla 0 - Washington 2
BOTTOM OF THE 7TH
Washington Generals batting - Pitching for Walla Walla Walleye : LHP Rafael González
Batting: RHB Mike Lipide 0-0: Ball
1-0: Ball
2-0: Ball
3-0: Called Strike
3-1: Foul Ball, location: 2F
3-2: Base on Balls
Pitching: RHP Martyn Drdio
Batting: RHB Stan Wheeler 0-0: Sac Bunt - play at first, batter OUT! 1-3
Mike Lipide to second
Batting: RHB Bill Perkins 0-0: Ball
1-0: Swinging Strike
1-1: SINGLE (Groundball, 56S) (infield hit)
Mike Lipide to third
Batting: RHB Daryl Yandell 0-0: Ball
Passed Ball!
Mike Lipide scores
Bill Perkins to second
1-0: Ball
2-0: Ball
3-0: Called Strike
3-1: Foul Ball, location: 2F
3-2: Foul Ball, location: 2F
3-2: Foul Ball, location: 2F
3-2: Base on Balls
Batting: RHB Jason Alston 0-0: Called Strike
0-1: Ball
1-1: Ball
2-1: Foul Ball, location: 2F
2-2: Ball
3-2: Fielders Choice at 2nd, 6-4 (Groundball, 56)
Bill Perkins to third
Batting: RHB Jeremy Geertsen 0-0: Ball
1-0: Swinging Strike
1-1: Foul Ball, location: 2F
1-2: Foul Ball, location: 2F
1-2: Strikes out swinging
Bottom of the 7th over - 1 run, 1 hit, 0 errors, 2 left on base; Walla Walla 0 - Washington 3
TOP OF THE 8TH
Walla Walla Walleye batting - Pitching for Washington Generals : RHP Jeff Rollins
Pitching: RHP Augusto Morín
Batting: RHB Héctor Espiga 0-0: Called Strike
0-1: Foul Ball, location: 2F
0-2: Ground out 6-3 (Groundball, 6)
Batting: RHB Luis Delvalle 0-0: Foul Ball, location: 2F
0-1: Fly out, F8 (Flyball, 8LS)
Batting: RHB Jimmy Fick 0-0: Called Strike
0-1: Ball
1-1: Swinging Strike
1-2: Foul Ball, location: 2F
1-2: Foul Ball, location: 2F
1-2: Ground out 6-3 (Groundball, 6)
Top of the 8th over - 0 runs, 0 hits, 0 errors, 0 left on base; Walla Walla 0 - Washington 3
BOTTOM OF THE 8TH
Washington Generals batting - Pitching for Walla Walla Walleye : RHP Martyn Drdio
Batting: RHB Alonso Vielma 0-0: Ball
1-0: Called Strike
1-1: Ball
2-1: SINGLE (Groundball, 56D)
Batting: RHB Júlio Rodríguez 0-0: Sac Bunt - play at first, batter OUT! 2-3
Alonso Vielma to second
Batting: RHB Dan Vanblarcom 0-0: Called Strike
0-1: Foul Ball, location: 2F
0-2: Ball
1-2: Foul Ball, location: 2F
1-2: Strikes out looking
Batting: RHB Mike Lipide 0-0: Swinging Strike
0-1: Foul Ball, location: 2F
0-2: Ball
1-2: Foul Ball, location: 2F
1-2: Ball
2-2: Foul Ball, location: 2F
2-2: Ball
3-2: Base on Balls
Batting: RHB Stan Wheeler 0-0: Ball
1-0: Fielders Choice at 2nd, 6-4 (Groundball, 6)
Bottom of the 8th over - 0 runs, 1 hit, 0 errors, 2 left on base; Walla Walla 0 - Washington 3
TOP OF THE 9TH
Walla Walla Walleye batting - Pitching for Washington Generals : RHP Augusto Morín
Pitching: RHP Randy Gabaldon
Batting: RHB Ramón Yniguez 0-0: Swinging Strike
0-1: Ball
1-1: Foul Ball, location: 2F
1-2: Ball
2-2: Ground out 4-3 (Groundball, 4)
Batting: RHB José de la Cavallería 0-0: Swinging Strike
0-1: Ball
1-1: Ground out 6-3 (Groundball, 6)
Batting: RHB Corey Hines 0-0: Ball
1-0: Foul Ball, location: 2F
1-1: Ball
2-1: Foul Ball, location: 2F
2-2: SINGLE (Groundball, 4MD)
Batting: RHB Gustavo Ortíz 0-0: SINGLE (Line Drive, 6MD)
Corey Hines to second
Pinch Hitting: RHB Cody Jaeckel 0-0: Swinging Strike
0-1: Ball
1-1: Foul Ball, location: 2F
1-2: Ball
2-2: Foul Ball, location: 2F
2-2: Ball
3-2: Base on Balls
Corey Hines to third
Gustavo Ortíz to second
Batting: RHB Olubowale Akintimehin 0-0: Called Strike
0-1: Fly out, F4 (Line Drive, 4)
Top of the 9th over - 0 runs, 2 hits, 0 errors, 3 left on base; Walla Walla 0 - Washington 3
Tuesday, December 19th, 2017 - OOTP Baseball 18.8 Build 76